 Dungeon Crawl Stone Soup version 0.26-a0-670-g578ab304f5 (webtiles) character file.

Game seed: 14869607565585838457

198 Kinoniko the Poker (level 5, 0/41 HPs)
             Began as a Draconian Gladiator on Oct 19, 2020.
             Slain by a bullfrog (5 damage)
             ... in a sewer.
             The game lasted 00:05:00 (2944 turns).

Kinoniko the Poker (Draconian Gladiator)            Turns: 2944, Time: 00:05:01

Health: 0/41       AC:  6    Str: 17    XL:     5   Next: 47%
Magic:  5/5        EV: 13    Int:  8    God:
Gold:   137        SH:  0    Dex: 13    Spells: 4/4 levels left

rFire    x . .     SeeInvis .   a - +0 trident
rCold    + . .     Faith    .   (no shield)
rNeg     . . .     Spirit   .   (armour unavailable)
rPois    .         Reflect  .   b - +1 hat
rElec    .         Harm     .   (no cloak)
rCorr    +         Rampage  .   (no gloves)
MR       .....                  (no boots)
Stlth    +.........             (no amulet)
HPRegen  0.13/turn              e - ring of ice
MPRegen  0.09/turn              l - ring of resist corrosion

@: brilliant
A: unfitting armour, cold-blooded, AC +5
a: no special abilities


You were in a sewer.
You visited 1 branch of the dungeon, and saw 4 of its levels.
You also visited: Sewer.

You collected 137 gold pieces.

Inventory:

Hand Weapons
 a - a +0 trident (weapon)
Missiles
 c - 3 throwing nets (quivered)
Armour
 b - a +1 hat (worn)
Jewellery
 e - a ring of ice (left hand)
 l - a ring of resist corrosion (right hand)
Wands
 m - a wand of acid (8)
Scrolls
 f - 2 scrolls of teleportation


   Skills:
 - Level 2.2 Fighting
 * Level 6.2 Polearms
 - Level 1.8 Throwing
 - Level 2.7 Dodging


You had 4 spell levels left.
You didn't know any spells.
Your spell library was empty.

Dungeon Overview and Level Annotations

Branches:
Dungeon (4/15)              Sewer (1/1)
 Temple: D:4-7

Altars:


Innate Abilities, Weirdness & Mutations

Your plain brown scales are hard. (AC +5)
You cannot fit into any form of body armour.
You are cold-blooded and may be slowed by cold attacks.


Message History

You closely miss the bullfrog.
The bullfrog hits you but does no damage.
The bullfrog hits you.
You miss the bullfrog. You closely miss the bullfrog.
The bullfrog is severely wounded.
The bullfrog hits you. The bullfrog barely misses you.
The ooze closely misses you. The bullfrog hits you!
* * * LOW HITPOINT WARNING * * *
The bullfrog closely misses you.
You hit the bullfrog but do no damage. You tail-slap the bullfrog.
The bullfrog is almost dead.
The bullfrog hits you.
* * * LOW HITPOINT WARNING * * *
The ooze misses you. The bullfrog misses you.
You hit the bullfrog.
The bullfrog is lightly wounded.
The bullfrog hits you but does no damage.
The bullfrog hits you.
You die...

.##≈≈# #≈≈###.#≈≈#
≈#≈≈##≈≈.≈≈≈≈##≈≈≈#≈#†≈#
≈#≈≈# ≈.≈≈≈≈. #≈.∩#≈#.≈#
≈#≈≈# ≈≈..≈≈≈ #≈≈.#.#≈≈#
≈#≈≈# ≈≈?.≈≈≈ #≈≈##≈#.≈#
.#≈≈# ≈.?.≈≈≈ #≈≈#≈.#≈.#
†#≈≈# ≈.$.?≈≈ #.≈#≈.#≈≈#
≈#††##≈≈.$≈.l##JF#.†≈.≈#
≈##≈≈#≈≈≈.≈≈BlJF@#≈†≈≈≈#
≈≈#≈≈##≈≈≈≈≈≈lJ###≈≈≈≈≈#
≈≈#≈.†##≈.≈≈≈###≈#######
≈≈##≈≈≈#######≈≈÷.≈#
≈†≈#≈≈.≈≈≈..≈.≈.≈≈≈#
#≈≈##≈.≈≈≈≈≈≈≈##≈≈##
#≈.≈##≈≈≈≈≈≈≈##≈≈##
#≈≈.≈###≈≈≈###≈≈≈#
##.≈≈≈≈#####†≈≈≈.#


You could see 2 bullfrogs, 3 oozes, a leopard gecko, a giant cockroach and 2
frilled lizards.

Vanquished Creatures
  9 adders
  5 oozes
  A worm (D:3)
  9 leopard geckos
  8 giant cockroaches (Sewer)
  3 goblins
  11 hobgoblins
  A quokka (D:2)
  13 ball pythons
  6 bats
  10 frilled lizards
  6 kobolds
  6 rats
88 creatures vanquished.

Notes
Turn   | Place    | Note
-------+----------+-------------------------------------------
     0 | D:1      | Kinoniko the Draconian Gladiator began the quest for the
                  | Orb.
     0 | D:1      | Reached XP level 1. HP: 17/17 MP: 1/1
   421 | D:1      | Reached XP level 2. HP: 18/24 MP: 2/2
   774 | D:1      | Reached skill level 4 in Polearms
  1008 | D:2      | Reached XP level 3. HP: 25/29 MP: 3/3
  1377 | D:2      | You fall into a shaft and drop 2 floors!
  1609 | D:3      | Found a glowing drain.
  1648 | Sewer    | Entered a sewer
  1654 | Sewer    | Reached XP level 4. HP: 36/36 MP: 4/4
  1691 | Sewer    | Reached skill level 5 in Polearms
  2274 | Sewer    | Reached XP level 5. HP: 12/41 MP: 5/5
  2699 | Sewer    | Reached skill level 6 in Polearms
  2944 | Sewer    | Slain by a bullfrog

Illustrated notes

Levels and vault maps discovered:
D:1:      dpeg_arrival_rooms_b, layout_basic
D:2:      layout_loops_cross
D:3:      layout_loops_ring, cheibrodos_sewer_entry_bend,
          chequers_serial_rivers_small_b, bh_walls_and_bars, uniq_grinder
D:4:      layout_gridville, old_standard_altar
Sewer:    sewer_frog_island_02

Skill      XL: |  1  2  3  4  5 |
---------------+----------------+-----
Polearms       | 4 5 6 |  6.2
Fighting       | |  2.2
Throwing       | |  1.8
Dodging        | |  2.7

Action                   |  1- 3 |  4- 6 || total
-------------------------+-------+-------++-------
Melee: Trident           |   107 |   192 ||   299
       Tailslap          |    11 |    14 ||    25
  Use: Scroll            |     5 |       ||     5
       Potion            |       |     3 ||     3
 Stab: Distracted        |     3 |       ||     3
       Sleeping          |     1 |       ||     1
Armor: Skin              |    22 |    54 ||    76
Dodge: Dodged            |    49 |   185 ||   234

Table legend: (Time is in decaauts)
 A = Elapsed time spent in this place.
 B = Non-inter-level travel time spent in this place.
 C = Inter-level travel time spent in this place.
 D = Time resting spent in this place.
 E = Time spent auto-exploring this place.
 F = Levels seen in this place.
 G = Mean time per level.
                   A        B        C        D        E       F      G
               +--------+--------+--------+--------+--------+-----+--------+
         Total |   3046 |   2988 |     58 |   1360 |    676 |   5 |  609.2 |
       Dungeon |   1664 |   1606 |     58 |    457 |    676 |   4 |  416.0 |
         Sewer |   1381 |   1381 |      0 |    903 |      0 |   1 | 1381.0 |
               +--------+--------+--------+--------+--------+-----+--------+

Top non-repeatable levels by time:
   Sewer: 1381 daAuts
     D:1: 1005 daAuts
     D:2: 380 daAuts
     D:3: 253 daAuts
     D:4: 24 daAuts
